Map: Eternal Empire LE

Players

LiquidMaNa (MaNa)

  • Race: Protoss Protoss
  • League: Grandmaster
  • Spawn Location: 1:00

soul - Winner!

  • Race: Terran Terran
  • League: Master
  • Spawn Location: 7:00

Event: DreamHack SC2 Masters 2020 Summer Europe

VOD

Have the link to the VOD?

Description

Time

  • Played on: July 9, 2020, 10:59 a.m.
  • Length: 23:20

All games in this series

Show
View Real Time Build Order
Export as new Build Order

LiquidMaNa Protoss 

Build Orders: 1 Gate Expand, Phoenix Opening, Colossus Rush 

Get SALT Encoding   

  12  0:00  Probe  
  13  0:12  Probe  
  14  0:18  Pylon  
  14  0:24  Probe  
  15  0:33  Probe  
  15  0:37  Gateway  
  15  0:42  Probe, Assimilator  
  17  0:54  Probe  
  18  1:06  Probe  
  19  1:18  Probe  
  19  1:24  Nexus  
  20  1:34  Cybernetics Core  
  20  1:38  Probe  
  21  1:45  Assimilator  
  21  1:50  Probe  
  22  1:56  Assimilator  
  22  2:02  Probe  
  22  2:04  Pylon  
  22  2:12  Adept  
  22  2:14  Probe  
  23  2:18  Warp Gate  
  25  2:26  Probe  
  26  2:37  Probe  
  26  2:38  Probe  
  26  2:42  Stalker  
  26  2:43  Stargate  
  30  2:45  Probe  
  30  2:46  Probe  
  32  2:53  Probe  
  32  2:54  Probe  
  34  3:04  Probe  
  35  3:06  Probe  
  35  3:08  Pylon  
  35  3:16  Probe  
  35  3:18  Probe, Phoenix  
  39  3:28  Probe  
  39  3:30  Probe  
  41  3:34  Robotics Facility  
  41  3:40  Probe, Gateway  
  42  3:43  Probe  
  43  3:50  Phoenix  
  43  3:52  Probe  
  43  3:55  Probe  
  47  3:56  Assimilator  
  47  4:04  Probe  
  47  4:07  Probe, Pylon, Phoenix  
  47  4:09  Assimilator  
  49  4:16  Probe  
  52  4:19  Probe  
  52  4:23  Observer  
  54  4:28  Probe  
  54  4:29  Robotics Bay  
  54  4:31  Probe  
  56  4:39  Phoenix  
  56  4:40  Probe  
  56  4:43  Probe  
  60  4:50  Nexus  
  60  4:52  Pylon  
  60  4:53  Probe  
  60  4:55  Probe  
  62  5:04  Observer  
  62  5:05  Probe  
  61  5:07  Probe  
  61  5:11  Colossus  
  63  5:17  Probe  
  63  5:19  Probe  
  63  5:24  Pylon  
  63  5:27  Extended Thermal Lance  
  69  5:29  Probe  
  69  5:32  Shield Battery  
  70  5:39  Forge  
  71  5:42  Probe  
  71  5:44  Sentry x2  
  71  5:45  Probe  
  71  5:48  Gateway  
  76  5:51  Colossus, Gateway  
  76  5:52  Observer  
  76  5:54  Probe  
  77  5:57  Probe, Observer  
  77  6:00  Pylon  
  78  6:04  Probe  
  78  6:05  Protoss Ground Weapons Level 1  
  78  6:07  Probe  
  78  6:10  Probe  
  87  6:16  Probe  
  88  6:19  Probe  
  88  6:20  Forge  
  88  6:24  Probe, Assimilator  
  90  6:26  Assimilator  
  90  6:30  Colossus  
  90  6:34  Pylon  
  90  6:37  Probe x2  
  92  6:44  Protoss Ground Armor Level 1  
  92  6:45  Probe  
  99  6:49  Probe  
  99  6:50  Pylon  
  99  6:52  Twilight Council, Pylon  
  100  6:56  Probe  
  100  6:57  Probe  
  100  6:59  Gateway  
  100  7:00  Gateway  
  102  7:04  Blink  
  102  7:06  Gateway  
  102  7:09  Gateway  
  102  7:13  Stalker x2  
  104  7:24  Disruptor  
  107  7:30  Zealot x2  
  111  7:37  Shield Battery  
  111  7:38  Phoenix  
  111  7:40  Stalker x2  
  111  7:41  Pylon  
  111  7:42  Probe x2  
  119  7:51  Stalker, Zealot  
  119  7:52  Pylon x2  
  119  7:55  Protoss Ground Weapons Level 2  
  119  7:57  Stalker, Disruptor  
  128  8:07  Stalker x2  
  128  8:10  Pylon  
  128  8:12  Pylon  
  130  8:26  Zealot x3  
  136  8:33  Nexus  
  136  8:37  Probe x2  
  134  8:50  Stalker, Disruptor  
  134  8:51  Stalker x2  
  134  8:52  Stalker x3  
  146  8:57  Zealot  
  151  9:04  Pylon  
  151  9:05  Charge  
  151  9:07  Protoss Ground Armor Level 2  
  151  9:12  Dark Shrine  
  149  9:18  Observer  
  149  9:19  Pylon  
  149  9:28  Stalker x5  
  157  9:35  Stalker x3  
  157  9:38  Pylon  
  163  9:42  Pylon  
  163  9:44  Pylon  
  163  9:52  Stalker x3  
  169  9:59  Probe x2  
  162  10:00  Gravitic Boosters  
  162  10:01  Observer  
  162  10:03  Photon Cannon  
  163  10:08  Zealot x2  
  167  10:18  Zealot x2, Observer  
  167  10:19  Unknown  
  171  10:21  Probe  
  171  10:22  Probe x2  
  171  10:27  Probe  
  168  10:34  Probe x3  
  171  10:35  Dark Templar x2  
  171  10:39  Probe  
  171  10:41  Disruptor  
  179  10:46  Probe  
  180  10:50  Templar Archives  
  179  10:58  Probe  
  179  10:59  Stalker x4  
  179  11:02  Probe x2  
  187  11:11  Probe x2  
  189  11:14  Probe x2  
  189  11:17  Observer  
  192  11:23  Probe  
  193  11:29  Psionic Storm  
  193  11:32  Zealot  
  195  11:34  Nexus  
  195  11:36  High Templar x2  
  195  11:37  High Templar  
  199  11:42  Pylon  
  199  11:45  Pylon  
  199  11:46  Protoss Ground Armor Level 3, Protoss Ground Weapons Level 3  
  199  11:55  Robotics Facility  
  199  11:56  Assimilator  
  199  11:58  Robotics Facility  
  199  12:00  Assimilator  
  199  12:14  Observer  
  198  12:24  Oracle  
  197  12:44  Gateway  
  197  12:45  Gateway  
  197  12:48  Gateway  
  197  12:50  Gateway  
  197  12:55  Gateway  
  196  13:14  Fleet Beacon  
  192  13:24  Stalker x8  
  182  13:28  Disruptor x3  
  183  13:43  Probe x2  
  179  13:49  Photon Cannon  
  179  13:50  High Templar x2  
  179  13:51  High Templar  
  179  13:52  Dark Templar x7  
  179  13:55  Shadow Stride  
  197  14:00  Probe  
  198  14:03  Probe x2  
  199  14:15  Stargate  
  182  14:46  Dark Templar x2  
  182  14:50  Stalker x5  
  182  14:51  Stalker x2  
  192  14:55  Tempest  
  192  14:56  Tempest  
  192  15:14  Warp Prism  
  183  15:40  Tempest x2  
  188  15:46  Probe x3  
  182  15:58  Probe x2  
  182  15:59  Probe  
  185  16:10  Probe x2  
  187  16:14  Nexus  
  184  16:19  High Templar  
  184  16:20  High Templar x3  
  184  16:23  Tempest  
  196  16:32  High Templar x3  
  192  16:58  Pylon  
  182  17:20  Dark Templar x7  
  178  17:42  Dark Templar x2  
  150  17:56  Zealot x11  
  172  18:02  Tempest x2  
  178  18:19  Stalker x3, Nexus  
  184  18:26  Nexus  
  184  18:37  Archon  
  182  18:47  Pylon  
  152  19:23  Dark Templar  
  109  19:54  Probe x4  
  117  20:00  Colossus x2  
  117  20:01  Stalker  
  117  20:02  Zealot x5  
  117  20:06  Probe  
  129  20:19  Probe x2  
  129  20:21  Probe x2  
  133  20:27  High Templar  
  135  20:31  Probe  
  135  20:32  Probe  
  135  20:33  Probe  
  135  20:35  Zealot  
  140  20:37  Unknown  
  135  21:00  Tempest  
  135  21:05  Assimilator  
  135  21:07  Assimilator  
  135  21:08  Zealot x3  
  138  21:17  Nexus  
  123  21:33  Archon  
  123  21:38  Zealot x2  
  123  21:39  Zealot x2  
  117  22:13  Zealot x3  
  102  22:31  Stalker  
Show
View Real Time Build Order
Export as new Build Order

soul Terran - Winner!

Build Orders: Reaper Expand 

Get SALT Encoding   

  12  0:01  SCV  
  13  0:13  SCV  
  14  0:17  Supply Depot  
  14  0:25  SCV  
  15  0:38  SCV  
  15  0:40  Barracks  
  16  0:44  Refinery  
  16  0:50  SCV  
  17  1:03  SCV  
  18  1:15  SCV  
  19  1:27  Reaper  
  19  1:28  Orbital Command  
  20  1:45  Command Center  
  20  1:53  SCV, Supply Depot  
  21  1:59  Marine  
  22  2:05  SCV  
  23  2:09  Bunker  
  23  2:14  Factory  
  23  2:17  SCV  
  23  2:22  Barracks Reactor  
  25  2:30  SCV  
  25  2:42  SCV, Refinery  
  26  2:54  SCV  
  26  2:58  Marine x2  
  27  2:59  Starport  
  27  3:00  Orbital Command  
  29  3:06  SCV  
  29  3:07  Widow Mine  
  32  3:16  Marine  
  32  3:17  Marine  
  32  3:19  SCV  
  35  3:25  SCV  
  35  3:31  SCV  
  35  3:34  Marine, Widow Mine  
  38  3:35  Marine  
  38  3:36  Medivac  
  38  3:38  SCV  
  43  3:42  Supply Depot  
  43  3:43  SCV  
  44  3:50  SCV  
  44  3:51  Marine  
  44  3:55  Supply Depot  
  46  3:56  Factory Tech Lab  
  46  4:03  Supply Depot, Marine  
  46  4:04  SCV x2  
  49  4:16  SCV x2  
  50  4:17  Siege Tank  
  50  4:18  Marine  
  50  4:22  Command Center  
  54  4:28  SCV x2  
  54  4:30  Barracks  
  56  4:37  Barracks  
  56  4:38  Engineering Bay  
  56  4:39  Marine  
  56  4:40  SCV  
  56  4:41  SCV  
  59  4:48  Refinery  
  59  4:52  Armory, SCV  
  60  4:53  SCV  
  60  4:56  Supply Depot  
  64  5:04  SCV  
  64  5:06  Marine  
  66  5:10  SCV, Marine  
  66  5:12  Cyclone  
  66  5:13  Viking  
  70  5:16  SCV  
  70  5:17  Terran Infantry Weapons Level 1  
  70  5:19  Supply Depot  
  67  5:22  Refinery  
  67  5:23  Barracks Tech Lab  
  67  5:24  Barracks Tech Lab  
  67  5:28  SCV, Missile Turret  
  67  5:36  Engineering Bay, Missile Turret  
  67  5:38  Drilling Claws  
  67  5:41  Orbital Command  
  66  5:45  Stimpack  
  66  5:49  SCV  
  67  5:52  SCV  
  67  5:54  Starport Reactor, Combat Shield  
  68  5:58  Marauder, Marine  
  68  6:01  SCV, Marauder  
  75  6:04  SCV, Marine  
  76  6:13  SCV  
  76  6:15  Marine  
  76  6:16  SCV, Orbital Command  
  79  6:19  Marine  
  79  6:20  Bunker  
  79  6:22  Marauder, Marine  
  79  6:25  SCV  
  84  6:28  SCV  
  84  6:30  Barracks  
  84  6:32  Barracks, Terran Infantry Armor Level 1  
  85  6:33  Widow Mine  
  85  6:34  Medivac  
  85  6:35  Medivac  
  85  6:37  SCV  
  92  6:40  SCV  
  92  6:44  SCV, Missile Turret  
  92  6:45  Marine  
  92  6:46  Marauder  
  97  6:49  SCV  
  97  6:52  SCV  
  99  6:55  Widow Mine  
  99  6:56  Refinery  
  99  6:57  Refinery  
  99  7:00  Supply Depot x2  
  101  7:02  Supply Depot  
  101  7:12  Supply Depot  
  101  7:13  Supply Depot  
  101  7:16  SCV x3, Medivac x2  
  101  7:20  Barracks Reactor  
  101  7:21  Marauder, Barracks Tech Lab  
  101  7:22  Marauder  
  113  7:28  SCV x2  
  115  7:34  SCV  
  115  7:35  Barracks Reactor  
  115  7:39  Terran Infantry Weapons Level 2  
  115  7:40  Ghost Academy  
  115  7:41  Starport  
  115  7:43  Marauder x2  
  119  7:52  Marauder  
  121  7:59  Marine  
  121  8:00  SCV  
  121  8:03  Widow Mine x2, Marine  
  121  8:04  Marine  
  121  8:05  Marauder  
  131  8:09  Supply Depot  
  131  8:11  Supply Depot  
  133  8:15  Medivac x2  
  133  8:16  Enhanced Shockwaves  
  135  8:24  Command Center  
  135  8:25  Widow Mine  
  137  8:36  Marine  
  137  8:37  Marauder x2  
  137  8:39  Starport Reactor  
  137  8:40  Marauder, Marine  
  144  8:42  Marine  
  144  8:45  Viking  
  146  8:50  Marine  
  146  8:51  Terran Infantry Armor Level 2  
  147  8:56  Fusion Core  
  147  8:58  SCV x2, Marauder x2  
  147  9:00  SCV, Widow Mine x2  
  158  9:07  Liberator  
  158  9:09  Marine  
  162  9:10  Marauder  
  162  9:15  Terran Ship Weapons Level 1, Liberator  
  165  9:17  Supply Depot  
  165  9:18  Supply Depot  
  165  9:19  Supply Depot x2  
  165  9:29  Concussive Shells, Unknown  
  165  9:35  Ghost, Liberator  
  170  9:38  SCV x2  
  170  9:39  Liberator  
  175  9:47  Ghost  
  175  9:52  Widow Mine x2  
  180  10:00  Liberator  
  181  10:08  Planetary Fortress, Command Center, Barracks  
  181  10:09  Barracks x2  
  181  10:10  Missile Turret  
  181  10:14  Ghost, Marine  
  184  10:24  Advanced Ballistics  
  182  10:30  Marine x2  
  182  10:31  Marauder  
  179  10:36  Marine, Liberator  
  179  10:37  Marauder  
  183  10:43  Supply Depot  
  183  10:51  Liberator  
  183  10:53  Ghost  
  185  11:03  Liberator  
  187  11:05  Barracks Tech Lab x2  
  187  11:06  Supply Depot, Barracks Tech Lab  
  186  11:12  Marauder x2, Marine, Sensor Tower  
  186  11:13  Sensor Tower  
  186  11:14  Liberator  
  191  11:28  Command Center  
  191  11:30  Missile Turret  
  191  11:33  Medivac  
  191  11:34  Medivac  
  191  11:58  Planetary Fortress  
  191  12:06  Liberator x2  
  197  12:10  Terran Infantry Weapons Level 3, Terran Infantry Armor Level 3  
  197  12:15  Terran Ship Weapons Level 2  
  197  12:26  Missile Turret  
  197  12:27  Liberator  
  200  12:32  Engineering Bay  
  199  12:40  Orbital Command  
  199  12:42  Personal Cloaking  
  199  12:48  Command Center  
  199  13:06  Starport  
  199  13:07  Command Center  
  198  13:24  Liberator  
  198  13:25  Marine  
  198  13:26  Marauder  
  188  13:27  Marine  
  188  13:28  Marauder, Marine  
  188  13:29  Marauder  
  188  13:32  Liberator  
  195  13:41  Liberator  
  190  13:44  Marauder, Marine  
  190  13:46  Marine, Liberator  
  190  13:47  Marauder x2  
  192  13:49  Marauder x2, Widow Mine x2  
  192  13:54  Marauder, Marine  
  199  14:05  Marine  
  199  14:06  Marauder  
  199  14:08  Nuke  
  193  14:17  Medivac, Starport Reactor  
  193  14:21  Orbital Command  
  195  14:27  Command Center  
  195  14:29  Marauder x4, Marine  
  182  14:39  Marauder x2, Marine  
  182  14:40  Marine  
  182  14:43  Marine  
  170  14:46  Orbital Command  
  170  14:47  Liberator  
  170  14:50  Liberator  
  180  14:58  Medivac x3  
  168  15:02  SCV  
  168  15:03  Ghost x6  
  153  15:11  SCV  
  154  15:17  SCV  
  153  15:25  Medivac  
  155  15:30  Medivac, Marine  
  155  15:31  SCV, Ghost x2  
  155  15:32  Marauder  
  163  15:35  Marine  
  163  15:36  Refinery, Marauder  
  163  15:37  Refinery  
  163  15:38  SCV x4  
  163  15:40  Missile Turret  
  167  15:44  SCV  
  167  15:47  Ghost  
  169  15:50  SCV x2  
  169  15:54  SCV  
  169  15:56  SCV x2  
  171  15:59  Reaper  
  171  16:02  SCV, Marauder x2  
  177  16:04  Barracks Tech Lab  
  177  16:10  SCV  
  172  16:19  Marauder, Marine  
  172  16:20  Marauder  
  177  16:25  Marine  
  177  16:26  Marauder  
  177  16:29  Marine  
  177  16:30  Marauder  
  177  16:32  Marauder, Marine  
  182  16:39  Viking x3  
  171  16:49  Viking  
  171  16:53  Marauder  
  172  17:10  Viking x3  
  178  17:19  Marauder, Marine  
  181  17:31  Marine  
  181  17:35  Marauder x2  
  185  17:39  Marine  
  165  17:48  Planetary Fortress  
  159  17:53  Marauder  
  157  18:07  Medivac  
  157  18:09  SCV x2  
  157  18:10  SCV, Missile Turret  
  157  18:12  SCV  
  142  18:24  Ghost x2  
  142  18:25  Ghost  
  142  18:26  SCV  
  147  18:46  Viking  
  147  18:48  Viking x2  
  149  18:52  Viking  
  151  19:07  Marine  
  151  19:08  Marauder  
  151  19:09  Viking, Marine  
  145  19:10  Marauder, Marine  
  145  19:11  Marauder  
  145  19:16  Viking  
  146  19:20  Viking  
  141  19:25  Viking  
  142  19:33  Marine  
  142  19:34  Marine  
  142  19:38  Viking  
  143  19:41  Marine  
  143  19:44  Marine x2  
  138  19:51  Unknown  
  136  20:02  Ghost x2  
  138  20:09  Medivac x3  
  138  20:10  Medivac  
  138  20:12  SCV x3  
  145  20:14  SCV  
  145  20:19  Ghost  
  148  20:24  SCV  
  149  20:30  Liberator x2  
  149  20:31  Ghost  
  157  20:36  SCV x3  
  157  20:39  Medivac  
  162  20:48  SCV x3, Liberator  
  161  20:51  Liberator  
  164  21:00  SCV x2, Ghost  
  164  21:02  Liberator  
  166  21:25  Marine  
  166  21:26  Marauder  
  167  21:33  Marauder, Marine  
  167  21:34  Marauder  
  167  21:37  Marine  
  167  21:38  Marauder  
  173  21:40  Marauder, Marine  
  173  21:46  Ghost  
  176  21:47  Marine  
  174  21:58  Missile Turret  
  174  21:59  Marauder, Marine x5  
  177  22:01  Marine  
  177  22:05  Marine  
  177  22:09  Orbital Command  
  177  22:15  Marine  
  177  22:17  Marauder, Marine  
  172  22:32  Marine  
  172  22:33  Marauder, Marine  
  172  22:34  Marauder x2  
  179  22:37  Refinery, Marauder x2, Marine  
  179  22:38  Refinery  
  179  22:39  Marauder  
  183  22:50  Marine  
  183  22:51  Marine  
  184  22:54  Marine x3  
  184  22:55  Marine  
  184  22:58  Marine  
  189  22:59  Marauder  
Tags
 
Add a new tag
Caveats
  • Supply blocks, unpowered buildings, or Contaminate may cause inaccurate times.
  • Supply counts are checked every 10 seconds.